 Dungeon Crawl Stone Soup version 0.29-a0-334-gb41bcbb86e (webtiles) character file.

Game seed: 3672228498777909853

60 spaghetti the Conjurer (level 3, -1/24 HPs)
             Began as a Demonspawn Conjurer on Apr 14, 2022.
             Slain by an orc
             ... wielding a +0 club
              (4 damage)
             ... on level 2 of the Dungeon.
             The game lasted 00:02:22 (2005 turns).

spaghetti the Conjurer (Demonspawn Conjurer)        Turns: 2005, Time: 00:02:23

Health: -1/24      AC:  4    Str:  7    XL:     3   Next: 80%
Magic:  3/7        EV:  9    Int: 21    God:
Gold:   91         SH:  4    Dex: 11    Spells: 3/8 levels left

rFire   . . .      SeeInvis .   i - +1 dagger (venom) {short}
rCold   . . .      Faith    +   (no shield)
rNeg    + . .      Spirit   .   e - +1 robe {rN+}
rPois   .          Reflect  .   (no helmet)
rElec   .          Harm     .   (no cloak)
rCorr   .          Rampage  .   g - +0 pair of gloves
Will    .....                   (no boots)
Stlth   ++........              n - amulet of faith {!P}
HPRegen 0.08/turn               (no ring)
MPRegen 0.10/turn               (no ring)

@: constricted
A: claws 1, condensation shield
a: no special abilities


You were on level 2 of the Dungeon.
You visited 1 branch of the dungeon, and saw 3 of its levels.

You collected 91 gold pieces.


Innate Abilities, Weirdness & Mutations

You have sharp fingernails.
A meltable shield of frost defends you. (SH +4)


   Skills:
 + Level 2.4 Dodging
 - Level 1.7 Stealth
 - Level 0.1 Unarmed Combat
 + Level 3.2 Spellcasting
 - Level 4.0 Conjurations
 + Level 1.1 Summonings


You had 3 spell levels left.
You knew the following spells:

 Your Spells              Type           Power      Damage    Failure   Level
a - Magic Dart            Conj           80%        1d7       2%          1
b - Searing Ray           Conj           40%        2d5       3%          2
c - Call Imp              Summ           8%         N/A       12%         2

Your spell library contained the following spells:

 Spells                   Type           Power      Damage    Failure   Level
 Dazzling Flash           Conj/Hex       22%        N/A       17%         3
 Mephitic Cloud           Conj/Pois/Air  8%         N/A       22%         3
 Fulminant Prism          Conj/Hex       5%         3d7       50%         4
 Iskenderun's Mystic Bla  Conj/Tloc      11%        2d4       50%         4

Inventory:

Hand Weapons
 f - a +0 mace {mace}
   (You found it on level 1 of the Dungeon)
 h - a +0 spear {polearm}
   (You found it on level 1 of the Dungeon)
 i - a +1 dagger of venom (weapon) {short}
   (You took it off a goblin on level 1 of the Dungeon)
Missiles
 j - 25 stones {throwing}
Armour
 a - a +0 robe
 e - a +1 robe of positive energy (worn)
   (You found it on level 1 of the Dungeon)
 g - a +0 pair of gloves (worn)
   (You found it on level 1 of the Dungeon)
Jewellery
 n - an amulet of faith (around neck) {!P}
   (You found it on level 2 of the Dungeon)
Scrolls
 c - a scroll of silence {unknown}
 d - a scroll of vulnerability {unknown}
 o - a scroll of torment {unknown}
Potions
 b - a potion of magic
 k - a potion of attraction {unknown}
 l - a potion of mutation {unknown}
 m - 2 potions of haste {unknown}
 p - a potion of curing {unknown}

Dungeon Overview and Level Annotations

Branches:
Dungeon (3/15)

Altars:
Kikubaaqudgha

#.......# #.###########
#.#####.# #.# #.#### #.#
###.####.######..... #####.#
#......#........#### #.....#
#....#.#........#... #.....#
#...............#...
#.....###.5.............#...
#.....'....Sg.##........#...
#.....###.o@g...........<...
#####...#.g.#.....#.........
#.#.#.........#....#####
######+#โ€
..........#.........
#.......รท#....##.....#.......
#............................
#........#.#.......#.#.###..#
#........#.#####.....#<.....#
#........#.......######.##..#


You could see 3 gnolls, an orc, a ball python (ally target) and a friendly
crimson imp (summoned).


Message History

There is a large open door here.
There is a large open door here.
There is a stone staircase leading down here.
You climb downwards.
The gnoll shouts! x5; The goblin shouts!
The orc shouts!
There is a stone staircase leading up here.
There are monsters nearby!
Unknown command.
Unknown command.
There are monsters nearby!
There are monsters nearby!
The gnoll closely misses you.
The goblin unwields a +0 dagger.
The goblin wields a +0 hunting sling.
The goblin shoots a sling bullet.
The sling bullet hits you.
You climb upwards.
There is a stone staircase leading down here. ๐Ÿ˜• HP[-1]
You take 1 damage, and now have 23/24 hp.
You hit the gnoll but do no damage.
The gnoll is poisoned.
The gnoll misses you.
You hit the gnoll. The gnoll closely misses you.
You hit the gnoll but do no damage.
The gnoll looks even sicker.
The gnoll closely misses you.
You closely miss the gnoll. The gnoll barely misses you.
You hit the gnoll.
The gnoll looks as sick as possible!
You kill the gnoll!
Your Summonings skill increases to level 1!
No target in view! ๐Ÿ˜Ž HP[+1]
Your hp is fully restored (24).
No target in view!
No target in view!
No target in view!
No target in view!
No target in view!
No target in view!
No target in view!
No target in view!
No target in view!
No target in view!
Done exploring.
Done exploring.
Done exploring.
No target in view!
Done exploring.
Done exploring.
Done exploring.
Done exploring.
Unknown command.
(D) Dungeon
Where to? (Enter - D:3, ? - help)
You climb downwards.
The gnoll hits you with a +0 flail. The gnoll hits you with a +0 club.
The gnoll closely misses you. The orc closely misses you.
The goblin shoots a sling bullet.
You block the sling bullet.
There is a stone staircase leading up here. ๐Ÿ˜ฎ HP[-6]
You take 6 damage, and now have 18/24 hp.
MASSIVE DAMAGE!! (PAUSE) Unknown command.
You block the gnoll's attack. The gnoll closely misses you.
The gnoll barely misses you. The gnoll hits you with a +0 club.
You block the orc's attack.
The goblin shoots a sling bullet.
The sling bullet closely misses you.
The sling bullet closely misses the ball python.
The sling bullet barely misses the gnoll.
The ball python closely misses you. The ball python barely misses you.
You climb upwards.
There is a stone staircase leading down here. ๐Ÿ˜ฎ HP[-1]
You take 1 damage, and now have 17/24 hp.
Unknown command.
Unknown command.
Unknown command.
Casting: Magic Dart (safe; 2% risk of failure)
Confirm with . or Enter, or press ? or * to list all spells.
Aiming: Searing Ray (safe; 3% risk of failure)
Press: ? - help, Shift-Dir - straight line, f - orc
Aim: an orc, wielding a +0 club and wearing a +0 chain mail (84% to hit)
The searing ray hits the orc but does no damage. (Press . to maintain the ray.)
The orc hits you with a +0 club. The gnoll hits you with a +0 club.
* * * LOW HITPOINT WARNING * * *
The gnoll barely misses you. The gnoll hits you with a +0 club.
* * * LOW HITPOINT WARNING * * *
The ball python barely misses you. The ball python grabs you.
The ball python constricts you. ๐Ÿ˜จ HP[-7] MP[-2]
You take 7 damage, and now have 10/24 hp.
MASSIVE DAMAGE!! (PAUSE)
You lost 2 mp, and now have 5/7 mp.
Casting: Searing Ray (safe; 3% risk of failure)
Confirm with . or Enter, or press ? or * to list all spells.
A beastly little devil appears in a puff of flame.
The ball python closely misses you. The ball python constricts you.
The gnoll hits you with a +0 club!
* * * LOW HITPOINT WARNING * * *
The gnoll barely misses you. The orc hits you with a +0 club.
You die...

Skill      XL: |  1  2  3 |
---------------+----------+-----
Dodging        | 2 |  2.4
Spellcasting   | 3 |  3.2
Summonings     | 1 |  1.1
Stealth        | |  1.7
Unarmed Combat | |  0.1
Conjurations   | |  4.0

Action                   || total
-------------------------++-------
Melee: Unarmed           ||     4
       Dagger            ||    26
 Cast: Magic Dart        ||    47
       Call Imp          ||     1
       Searing Ray       ||     1
 Stab: Sleeping          ||     1
Armor: Robe              ||     4
Dodge: Dodged            ||    26
Block: Other             ||     6

Levels and vault maps discovered:
D:1:      eino_arrival_water_star, layout_loops_ring,
          chequers_ecumenical_altar_grove, st_stairs_13
D:2:      layout_basic, basic_altar
D:3:      gammafunk_steamed_eel, layout_rooms, lemuel_round_altar,
          kennysheep_generic_room_8

Notes
Turn   | Place    | Note
-------+----------+-------------------------------------------
     0 | D:1      | spaghetti the Demonspawn Conjurer began the quest for the
                  | Orb.
     0 | D:1      | Reached XP level 1. HP: 13/13 MP: 3/3
     0 | D:1      | magus.rc [v1.9.6]
   151 | D:1      | You pick up a book of Minor Magic and begin reading...
   151 | D:1      | You add the spells Call Imp and Mephitic Cloud to your
                  | library.
   342 | D:1      | Gained mutation: You have sharp fingernails. [demonic
                  | ancestry]
   342 | D:1      | Reached XP level 2. HP: 19/19 MP: 3/5
   489 | D:1      | Reached skill level 2 in Dodging
   612 | D:1      | Learned a level 2 spell: Searing Ray
   615 | D:1      | Learned a level 2 spell: Call Imp
   653 | D:1      | Reached skill level 3 in Spellcasting
   922 | D:1      | Gained mutation: A meltable shield of frost defends you.
                  | (SH +4) [demonic ancestry]
   922 | D:1      | Reached XP level 3. HP: 24/24 MP: 5/7
  1245 | D:1      | Found a faded altar of an unknown god.
  1617 | D:2      | Found an ancient bone altar of Kikubaaqudgha.
  2000 | D:2      | Reached skill level 1 in Summonings
  2005 | D:2      | HP: 3/24 [gnoll/+0 club (7)]
  2005 | D:2      | Slain by an orc

Vanquished Creatures
  2 gnolls
  An adder (D:2)
  A worm (D:2)
  5 bats (D:1)
  3 endoplasms (D:1)
  2 giant cockroaches (D:1)
  2 goblins (D:1)
  3 kobolds (D:1)
  A quokka (D:2)
  5 ball pythons
  5 rats
30 creatures vanquished.

Table legend:
 A = Non-vault XP
 B = Vault XP
 C = Vault XP percentage of total XP
 D = Non-vault monster count
 E = Vault monster count
 F = Vault count percentage of total count
                 A         B        C        D         E       F
            +---------+---------+-------+---------+---------+-------
      Total |      84 |       2 |   2.3 |      29 |       1 |   3.3
            +---------+---------+-------+---------+---------+-------
        D:1 |      46 |       2 |   4.2 |      22 |       1 |   4.3
        D:2 |      38 |       0 |   0.0 |       7 |       0 |   0.0
            +---------+---------+-------+---------+---------+-------

Illustrated notes

Table legend:
 A = Kills in this place as a percentage of kills in entire the game.
 B = Kills by you in this place as a percentage of kills by you in the entire game.
 C = Kills by friends in this place as a percentage of kills by friends in the entire game.
 D = Other kills in this place as a percentage of other kills in the entire game.
 E = Experience gained in this place as a percentage of experience gained in the entire game.
 F = Experience gained in this place divided by the number of levels of this place that you have seen.
                   A       B       C       D       E      F
               +-------+-------+-------+-------+-------+----------------------
         Total | 100.0 | 100.0 |   N/A |   N/A | 100.0 |  28.7
       Dungeon | 100.0 | 100.0 |   N/A |   N/A | 100.0 |  28.7
               +-------+-------+-------+-------+-------+----------------------

Table legend: (Time is in decaauts)
 A = Elapsed time spent in this place.
 B = Non-inter-level travel time spent in this place.
 C = Inter-level travel time spent in this place.
 D = Time resting spent in this place.
 E = Time spent auto-exploring this place.
 F = Levels seen in this place.
 G = Mean time per level.
                   A        B        C        D        E       F      G
               +--------+--------+--------+--------+--------+-----+--------+
         Total |   2006 |   1945 |     61 |    118 |   1636 |   3 |  668.7 |
       Dungeon |   2006 |   1945 |     61 |    118 |   1636 |   3 |  668.7 |
               +--------+--------+--------+--------+--------+-----+--------+

Top non-repeatable levels by time:
     D:1: 1295 daAuts
     D:2: 706 daAuts
     D:3: 4 daAuts
